cohdb
Replays
Latest Replays
All Replays
Popular Replays
Top Player Replays
Match Explorer
How It Works
Community
CoH3 Stats
Reddit
Sign in to upload your games and track your stats! →
Sign in with Steam
Match 43102793
Unlisted
Match 43102793
Overview
Messages
Build Orders
End
Scout Squad
Selects Airborne Battlegroup
Selects Pathfinders
Selects Smoke Bombing Run
Construct Barracks
Engineer Squad
1⁄4-ton 4x4 Truck
Air Support Center
Selects Paratrooper Squad Paradrop
Paratrooper Squad Paradrop
Paratrooper Squad Paradrop
Construct Motor Pool
P-47 Strafing Run
Selects Supply Drop
M1 Anti-tank Gun Team
M8 Greyhound Armored Car
P-47 Strafing Run
Supply Drop
.30 cal Machine Gun
Construct Tank Depot
Construct Medical Station
Supply Drop
Broder |
HAK
dwighyglenn
Cpt.Bod
simranjitsingh713
Master Bader
0
0
Comments
sign in to comment!
No comments posted yet!